 Dungeon Crawl Stone Soup version 0.28-a0-861-ge64d6db94f (webtiles) character file.

Game seed: 8543199585933677295

109 cheechan the Bolt Thrower (level 4, -3/39 HPs)
             Began as a Naga Hunter on Nov 15, 2021.
             Slain by Ijyb (5 damage)
             ... on level 4 of the Dungeon.
             The game lasted 00:12:25 (2593 turns).

cheechan the Bolt Thrower (Naga Hunter)             Turns: 2593, Time: 00:12:25

Health: -3/39      AC:  3    Str: 14    XL:     4   Next: 90%
Magic:  4/4        EV:  9    Int: 11    God:
Gold:   128        SH:  0    Dex: 13    Spells: 3/3 levels left

rFire   . . .      SeeInvis +   a - +1 hand crossbow
rCold   . . .      Faith    .   (no shield)
rNeg    . . .      Spirit   .   c - +0 leather armour
rPois   +          Reflect  .   (no helmet)
rElec   .          Harm     .   (no cloak)
rCorr   .          Rampage  .   (no gloves)
Will    .....                   (no barding)
Stlth   ++........              (no amulet)
HPRegen 0.13/turn               (no ring)
MPRegen 0.09/turn               (no ring)

@: very slow
A: AC +1, large, see invisible, deformed body, poison resistance, slowness 2,
spit poison 1, naga tail 1
a: Spit Poison


You were on level 4 of the Dungeon.
You visited 1 branch of the dungeon, and saw 4 of its levels.

You collected 128 gold pieces.

Inventory:

Hand Weapons
 a - a +1 hand crossbow (weapon)
 b - a +0 short sword
 f - a +0 hunting sling
 j - a +0 dagger of protection
Missiles
 d - 13 bolts (quivered ammo)
 k - 34 arrows
 l - 44 sling bullets
Armour
 c - a +0 leather armour (worn)
Scrolls
 m - a scroll of identify
Potions
 e - a potion of might
 g - a potion of attraction
 h - a potion of haste {unknown}
 i - 2 potions of heal wounds {unknown}


   Skills:
 + Level 2.2 Fighting
 + Level 5.0 Crossbows
 + Level 1.2 Armour
 + Level 1.7 Dodging
 + Level 2.0 Stealth


You had 3 spell levels left.
You didn't know any spells.
Your spell library was empty.

Dungeon Overview and Level Annotations

Branches:
Dungeon (4/15)
 Temple: D:4-7

Altars:
Nemelex Xobeh
Xom

Annotations:
D:4 Ijyb


Innate Abilities, Weirdness & Mutations

Your serpentine skin is tough. (AC +1)
You have supernaturally acute eyesight. (SInv)
Armour fits poorly on your strangely shaped body.
Your system is resistant to poisons. (rPois)
You cover ground very slowly.
You can spit poison.
You have a snake-like lower body.


Message History

Press: ? - help, Q - select action, (/) - cycle Shift-Dir - straight line, f/p - adder
Aim: an adder (lightly wounded)
The splash of poison misses the adder.
The adder bites you. x2
Unknown command.
Fire: 12 bolts
Press: ? - help, Shift-Dir - straight line, f/p - adder
Aim: an adder (lightly wounded, 50% to hit)
You shoot a bolt. The bolt hits the adder!
The adder is severely wounded.
The adder bites you.
Unknown command.
Fire: 11 bolts
Press: ? - help, Shift-Dir - straight line, f/p - adder
Aim: an adder (severely wounded, 50% to hit)
You shoot a bolt. The bolt hits the adder.
You kill the adder!
Your Crossbows skill increases to level 5!
Unknown command.
d - 13 bolts (gained 3)
You see here an adder corpse.
You have got your breath back.
There is a stone staircase leading down here.
There is a stone staircase leading down here.
You climb downwards.
There is a stone staircase leading up here.
Ijyb the Twisted Goblin comes into view.
She is wielding a +0 club and carrying a wand of mindburst (4).
Ijyb shouts!
Found 6 gold pieces.
You clumsily bash Ijyb but do no damage.
Ijyb zaps a wand.
Your mind is blasted!
Ouch! That really hurt!
* * * LOW HITPOINT WARNING * * *
Ijyb hits you with a +0 club.
* * * LOW HITPOINT WARNING * * *
You clumsily bash Ijyb but do no damage.
Ijyb hits you with a +0 club.
* * * LOW HITPOINT WARNING * * *
You barely miss Ijyb. Ijyb barely misses you. Ijyb hits you with a +0 club.
You die...

#.#
#.#
#.#
#.#
#.#
#.#
#.#
#.#
#@#
#g#
#.#
#.#
#.#
#.#
#.#
#$#


You could see Ijyb.

Vanquished Creatures
  Terence (D:3)
  3 adders
  4 worms
  3 dart slugs
  4 bats
  6 hobgoblins
  5 ball pythons
  9 frilled lizards
  2 goblins (D:1)
  6 kobolds
  7 rats
50 creatures vanquished.

Notes
Turn   | Place    | Note
-------+----------+-------------------------------------------
     0 | D:1      | cheechan the Naga Hunter began the quest for the Orb.
     0 | D:1      | Reached XP level 1. HP: 19/19 MP: 1/1
   388 | D:1      | Reached skill level 4 in Crossbows
   388 | D:1      | Reached XP level 2. HP: 12/26 MP: 2/2
   963 | D:2      | Reached XP level 3. HP: 32/32 MP: 3/3
  1931 | D:3      | Reached skill level 1 in Armour
  1931 | D:3      | Reached XP level 4. HP: 39/39 MP: 4/4
  2185 | D:3      | Found a shimmering altar of Xom.
  2470 | D:3      | Noticed Terence
  2476 | D:3      | Killed Terence
  2477 | D:3      | Found a sparkling altar of Nemelex Xobeh.
  2546 | D:3      | Reached skill level 5 in Crossbows
  2588 | D:4      | Noticed Ijyb
  2593 | D:4      | Slain by Ijyb

Illustrated notes

Levels and vault maps discovered:
D:1:      psy_arrival_terrarium, layout_basic
D:2:      layout_basic, patterned_corridor
D:3:      layout_loops_ring, nemelex_spade_bored_becter, xom_teletrap_fun,
          st_stairs_3, uniq_terence
D:4:      layout_basic, serial_co_window_serial, co_window_corner_a,
          co_window_corner_a, co_window_corner_a, co_window_corner_a,
          co_window_paths_a, co_window_paths_c, co_window_corner_b,
          co_window_corner_ca, co_window_corner_ca, co_window_unsneaky_path_c,
          co_window_of_opportunity_b, co_window_paths_e, serial_shops, shop,
          lexackson_kobold_supper, uniq_ijyb, uniq_grinder

Skill      XL: |  1  2  3  4 |
---------------+-------------+-----
Crossbows      | 4 5 |  5.0
Armour         | 1 |  1.2
Stealth        | 2 |  2.0
Fighting       | |  2.2
Dodging        | |  1.7

Action                   |  1- 3 |  4- 6 || total
-------------------------+-------+-------++-------
Melee: Hand crossbow     |    13 |     6 ||    19
 Fire: Hand crossbow     |    55 |    30 ||    85
 Abil: Spit Poison       |     9 |     7 ||    16
  Use: Scroll            |     6 |       ||     6
Armor: Leather armour    |     7 |     3 ||    10
Dodge: Dodged            |    24 |    14 ||    38

Table legend: (Time is in decaauts)
 A = Elapsed time spent in this place.
 B = Non-inter-level travel time spent in this place.
 C = Inter-level travel time spent in this place.
 D = Time resting spent in this place.
 E = Time spent auto-exploring this place.
 F = Levels seen in this place.
 G = Mean time per level.
                   A        B        C        D        E       F      G
               +--------+--------+--------+--------+--------+-----+--------+
         Total |   3573 |   3573 |      0 |      0 |      0 |   4 |  893.2 |
       Dungeon |   3573 |   3573 |      0 |      0 |      0 |   4 |  893.2 |
               +--------+--------+--------+--------+--------+-----+--------+

Top non-repeatable levels by time:
     D:2: 1574 daAuts
     D:1: 1014 daAuts
     D:3: 964 daAuts
     D:4: 20 daAuts
